 Dungeon Crawl Stone Soup version 0.32-a0 (webtiles) character file.

Game seed: 2920437764238894599

9 yaymichael the Magician (level 2, -1/17 HPs)
             Began as an Octopode Hedge Wizard on Jan 13, 2024.
             Slain by a quokka (4 damage)
             ... on level 1 of the Dungeon.
             The game lasted 00:01:45 (392 turns).

yaymichael the Magician (Octopode Hedge Wizard)      Turns: 392, Time: 00:01:45

Health: -1/17      AC:  1    Str:  9    XL:     2   Next: 16%
Magic:  3/6        EV: 13    Int: 16    God:
Gold:   21         SH:  0    Dex: 11    Spells: 3/7 levels left

rFire   . . .        a - +1 dagger
rCold   . . .        (no shield)
rNeg    . . .        b - +0 hat
rPois   .            (no amulet)
rElec   .            (no ring)
rCorr   .            (no ring)
SInv    .            (no ring)
Will    .....        (no ring)
Stlth   +++          (no ring)
HPRegen 0.22/turn    (no ring)
MPRegen 0.10/turn    (no ring)
                     (no ring)

%: no passive effects
@: no status effects
A: almost no armour, amphibious, 8 rings, camouflage 1, gelatinous body 1,
(nimble swimmer 1), tentacles
a: no special abilities


You were on level 1 of the Dungeon.
You visited 1 branch of the dungeon, and saw 1 of its levels.

You collected 21 gold pieces.

Inventory:

Hand Weapons
 a - a +1 dagger (weapon)
Armour
 b - a +0 hat (worn)
Scrolls
 e - a scroll of noise {unknown}
 f - a scroll of enchant armour {unknown}
Potions
 c - a potion of magic


   Skills:
 * Level 0.2 Fighting
 + Level 0.2 Short Blades
 + Level 2.0 Dodging
 + Level 2.8 Stealth
 * Level 3.3 Spellcasting
 + Level 1.0 Conjurations
 + Level 1.0 Summonings
 + Level 1.0 Translocations


You had 3 spell levels left.
You knew the following spells:

 Your Spells              Type           Power      Damage    Failure   Level
a - Magic Dart            Conj           20%        1d4       12%         1
b - Slow                  Hex            8%         N/A       19%         1
c - Blink                 Tloc           10%        N/A       19%         2

Your spell library contained the following spells:

 Spells                   Type           Power      Damage    Failure   Level
 Call Imp                 Summ           10%        N/A       19%         2
 Cigotuvi's Dreadful Rot  Necr/Alch/Air  4%         N/A       26%         2
 Gell's Gravitas          Tloc           5%         N/A       34%         3
 Teleport Other           Tloc           5%         N/A       34%         3
 Mephitic Cloud           Conj/Alch/Air  3%         N/A       43%         3
 Dispersal                Tloc           2%         N/A       100%        6


Dungeon Overview and Level Annotations

Branches:
Dungeon (1/15)

Altars:


Innate Abilities, Weirdness & Mutations

You cannot wear most types of armour.
You are amphibious.
You can wear up to eight rings at the same time.
Your skin changes colour to match your surroundings (Stealth+).
Your rubbery body absorbs attacks. (AC +1, EV +1)
((You are camouflaged when in or above water. (Stealth+)))
You have tentacles for arms and can constrict up to eight enemies at once.


Message History

Casting: Magic Dart (safe; 12% risk of failure)
Confirm with . or Enter, or press ? or * to list all spells.
Aiming: Magic Dart (safe; 12% risk of failure)
Press: ? - help, Shift-Dir - straight line, f/p - giant cockroach
Aim: a giant cockroach (asleep, 100% to hit)
The magic dart hits the quokka but does no damage.
The quokka bites you. The quokka misses you.
The giant cockroach barely misses you. The quokka bites you.
The giant cockroach barely misses you.
You see here a hobgoblin corpse.
The giant cockroach bites you but does no damage.
The quokka attacks as it pursues you! The quokka closely misses you.
Your magical contamination has completely faded away.
The quokka misses you. The quokka bites you.
The quokka attacks as it pursues you! The quokka bites you.
Casting: Magic Dart (safe; 12% risk of failure)
Confirm with . or Enter, or press ? or * to list all spells.
Aiming: Magic Dart (safe; 12% risk of failure)
Press: ? - help, Shift-Dir - straight line, f/p - giant cockroach
Aim: a giant cockroach (100% to hit)
The magic dart hits the quokka.
The quokka is heavily wounded.
The quokka bites you.
Casting: Magic Dart (safe; 12% risk of failure)
Confirm with . or Enter, or press ? or * to list all spells.
Aiming: Magic Dart (safe; 12% risk of failure)
Press: ? - help, Shift-Dir - straight line, f/p - giant cockroach
Aim: a giant cockroach (100% to hit)
The magic dart hits the quokka.
The quokka is almost dead.
The quokka bites you.
* * * LOW HITPOINT WARNING * * *
Okay, then.
The quokka attacks as it pursues you!
The quokka bites you but does no damage.
As you read the scroll labelled IFFUYLAICS, it crumbles to dust.
It is a scroll of enchant weapon.
Your +0 dagger glows red for a moment.
The quokka bites you.
You die...

## ### #. ..# # #. #.#
..#.#######.####
#.#..##.........
###.#...#.###.###.
#.......[.###.#
.#...@.......###.###
#..#r##.###..>.....
#.†#B##.# #.###.##.#
#.......# #.# ...#
##.#+#### #.# #..#
#.##..†.## #.#####..#
#........# #........#
###.......# ####†##.##
#.........####...#.###


You could see a quokka and a giant cockroach.

Vanquished Creatures
  2 hobgoblins (D:1)
  A quokka (D:1)
  2 ball pythons (D:1)
  A bat (D:1)
  2 goblins (D:1)
  2 rats (D:1)
10 creatures vanquished.

Notes
Turn   | Place    | Note
-------+----------+-------------------------------------------
     0 | D:1      | yaymichael the Octopode Hedge Wizard began the quest for
                  | the Orb.
     0 | D:1      | Reached XP level 1. HP: 11/11 MP: 4/4
   181 | D:1      | Learned a level 1 spell: Slow
   319 | D:1      | Reached XP level 2. HP: 17/17 MP: 4/6
   322 | D:1      | Learned a level 2 spell: Blink
   392 | D:1      | Slain by a quokka

Illustrated notes

Levels and vault maps discovered:
D:1:      roderic_crossed_star, layout_loops_corners, minmay_hexomino_r4

Action                     || total
---------------------------++-------
  Melee: Dagger            ||    12
         Tentacles         ||     2
         Constrict         ||     1
   Cast: Magic Dart        ||    11
    Use: Scroll            ||     1
   Stab: Sleeping          ||     2
 Armour: Skin              ||    16
  Dodge: Dodged            ||     9

Table legend: (Time is in decaauts)
 A = Elapsed time spent in this place.
 B = Non-inter-level travel time spent in this place.
 C = Inter-level travel time spent in this place.
 D = Time resting spent in this place.
 E = Time spent auto-exploring this place.
 F = Levels seen in this place.
 G = Mean time per level.
                   A        B        C        D        E       F      G
               +--------+--------+--------+--------+--------+-----+--------+
         Total |    391 |    391 |      0 |     59 |    248 |   1 |  391.0 |
       Dungeon |    391 |    391 |      0 |     59 |    248 |   1 |  391.0 |
               +--------+--------+--------+--------+--------+-----+--------+

Top non-repeatable levels by time:
     D:1: 391 daAuts
